 Dungeon Crawl Stone Soup version 0.29-a0-668-g12ee2bf84d (webtiles) character file.

Game seed: 1502548783108336696

4391 DocClef the Blocker (level 10, -3/82 HPs)
             Began as a Gnoll Fighter on June 23, 2022.
             Was a Believer of Okawaru.
             Slain by an orc warrior
             ... wielding a +0 trident
              (22 damage)
             ... in a bailey.
             The game lasted 00:10:55 (7209 turns).

DocClef the Blocker (Gnoll Fighter)                 Turns: 7209, Time: 00:10:56

Health: -3/82      AC: 19    Str: 20    XL:     10   Next: 35%
Magic:  17/17      EV: 14    Int:  7    God:    Okawaru [**....]
Gold:   505        SH:  7    Dex: 12    Spells: 19/19 levels left

rFire   + + .      SeeInvis +   s - +11 dagger of World Downfall {speed, *Corrode rF++ Will+ SInv}
rCold   . . .      Faith    .   c - +0 buckler
rNeg    . . .      Spirit   .   K - +3 ring mail
rPois   +          Reflect  .   D - +1 helmet
rElec   .          Harm     .   I - +0 cloak
rCorr   .          Rampage  .   E - +0 pair of gloves
Will    ++...                   l - +0 pair of boots
Stlth   ++++......              t - amulet of regeneration
HPRegen 1.03/turn               u - ring of willpower
MPRegen 0.15/turn               G - +4 ring of protection

@: heroic, corroded, hasted, very quick
A: fangs 1, strong nose, distributed training, poison resistance, shaggy fur 1
a: Renounce Religion, Heroism


You were in a bailey.
You worshipped Okawaru.
Okawaru was pleased with you.
You visited 2 branches of the dungeon, and saw 9 of its levels.
You also visited: Sewer and Bailey.

You collected 505 gold pieces.

Inventory:

Hand Weapons
 a - a +1 flail
 s - the +11 dagger of World Downfall (weapon) {speed, *Corrode rF++ Will+ SInv}
   (You found it on level 3 of the Dungeon)

   Attacks with this weapon are significantly faster.
   rF:        It greatly protects you from fire.
   SInv:      It lets you see invisible.
   *Corrode:  It may corrode you when you take damage.
   Will:      It increases your willpower.
Missiles
 o - 3 atropa-tipped darts (quivered)
 q - 5 javelins
Armour
 b - a +0 scale mail
 c - a +0 buckler (worn)
 l - a +0 pair of boots (worn)
 D - a +1 helmet (worn)
 E - a +0 pair of gloves (worn)
 I - a +0 cloak (worn)
 K - a +3 ring mail (worn)
Jewellery
 r - a ring of ice
 t - an amulet of regeneration (around neck)
 u - a ring of willpower (left hand)
 G - a +4 ring of protection (right hand)
 H - an amulet of reflection
Wands
 w - a wand of charming (19)
 x - a wand of flame (47)
 A - a wand of light (5)
Scrolls
 h - 2 scrolls of identify
 j - 2 scrolls of immolation
 k - a scroll of blinking
 y - 2 scrolls of teleportation
 F - 6 scrolls of enchant armour
 J - 2 scrolls of vulnerability
 L - 3 scrolls of enchant weapon
Potions
 d - 4 potions of might
 e - 5 potions of haste
 f - a potion of degeneration
 g - a potion of invisibility
 i - 3 potions of attraction
 n - 2 potions of brilliance
 p - 5 potions of cancellation
 v - 2 potions of resistance
 z - 6 potions of mutation
 B - 2 potions of curing
 C - 2 potions of lignification


   Skills:
 + Level 8.4(13.4) Fighting
 + Level 5.2(10.2) Short Blades
 + Level 5.2(10.2) Long Blades
 + Level 5.2(10.2) Axes
 + Level 7.0(12.0) Maces & Flails
 + Level 5.2(10.2) Polearms
 + Level 5.2(10.2) Staves
 + Level 5.2(10.2) Slings
 + Level 5.2(10.2) Bows
 + Level 5.2(10.2) Crossbows
 + Level 5.2(10.2) Throwing
 + Level 8.4(13.4) Armour
 + Level 5.2(10.2) Dodging
 + Level 5.2(10.2) Stealth
 + Level 8.4(13.4) Shields
 + Level 5.2(10.2) Unarmed Combat
 + Level 5.2 Spellcasting
 + Level 4.3 Conjurations
 + Level 4.3 Hexes
 + Level 4.3 Summonings
 + Level 4.3 Necromancy
 + Level 4.3 Translocations
 + Level 4.3 Transmutations
 + Level 4.3 Fire Magic
 + Level 4.3 Ice Magic
 + Level 4.3 Air Magic
 + Level 4.3 Earth Magic
 + Level 4.3 Poison Magic
 + Level 5.7 Invocations
 + Level 5.2 Evocations


You had 19 spell levels left.
You didn't know any spells.
Your spell library was empty.

Dungeon Overview and Level Annotations

Branches:
Dungeon (8/15)             Temple (1/1) D:6           Sewer (visited)
 Bailey (1/1)
   Lair: D:8-11

Altars:
Ashenzari
Cheibriados
Dithmenos
Elyvilon
Fedhas
Hepliaklqana
Kikubaaqudgha
Nemelex Xobeh
Okawaru
Qazlal
Ru
Sif Muna
Trog
Wu Jian
Xom
Yredelemnul
Zin
The Shining One

Shops:
D:5 (!=   D:7 [

Annotations:
D:8 Gastronok


Innate Abilities, Weirdness & Mutations

You have very sharp teeth.
Your uncanny sense of smell can sniff out nearby items.
Your experience applies equally to all skills.
Your system is resistant to poisons. (rPois)
You are covered in fur. (AC +1)


Message History

You hit the orc knight but do no damage.
The orc knight is moderately wounded.
You block the orc knight's attack. The orc warrior misses you.
Aiming: Bolt of Light
Press: ? - help, Shift-Dir - straight line, f - orc knight
Aim: an orc knight, wielding a +0 glaive and wearing a +0 plate armour (moderately wounded, 74% to hit)
The bolt of light hits the orc knight!
The orc knight is heavily wounded.
The orc knight is blinded.
You hit the orc warrior.
The orc warrior is lightly wounded.
You barely miss the orc knight.
The orc knight is heavily wounded.
You block the orc knight's attack. You block the orc warrior's attack.
You barely miss the orc knight.
You bite the orc knight, but do no damage.
The orc knight is heavily wounded.
You hit the orc knight but do no damage.
The orc knight is heavily wounded.
You strike the helpless orc knight from behind!
You impale the orc knight!!
The orc knight is almost dead.
You hit the orc knight.
You kill the orc knight!
Okawaru is honoured by your kill.
The orc warrior hits you with a +0 trident!!
* * * LOW HITPOINT WARNING * * *
Your base Maces & Flails skill increases to level 7!
Things that are here:
a +0 glaive; a +0 plate armour The orc warrior completely misses you.
You hit the orc warrior but do no damage.
Your bite misses the orc warrior.
The orc warrior is lightly wounded.
You hit the orc warrior.
The orc warrior is moderately wounded.
You completely miss the orc warrior. Your bite misses the orc warrior.
The orc warrior is moderately wounded.
The orc warrior hits you with a +0 trident!!
You die...

#.......#
#.......#
#.......#
#.......#
#.......#
#...)...#
#..?....#
#..)o...#
#..@.?..#
#.......#
##..∩..##
#######


You could see an orc warrior (strong).

Vanquished Creatures
  An orc knight (Bailey)
  Sigmund (D:3)
  5 yaks (D:7)
  4 black bears
  8 orc warriors
  2 ice beasts (D:7)
  A sky beast (D:8)
  2 centaurs
  2 phantoms
  3 kobold brigands
  2 necrophages (D:6)
  A bullfrog (D:7)
  2 scorpions
  Crazy Yiuf (D:6)
  3 hounds (D:5)
  4 jellies
  4 iguanas
  7 orc wizards
  Robin (D:4)
  5 river rats (Sewer)
  9 adders
  A shadow imp (D:6)
  A white imp (D:6)
  The ghost of gdog the Covert, a weakling GnDe (D:5)
  6 dart slugs
  41 orcs
  9 endoplasms
  3 giant cockroaches
  9 hobgoblins
  A quokka (D:1)
  14 ball pythons
  9 bats
  8 frilled lizards
  10 goblins
  30 kobolds
  17 rats
228 creatures vanquished.

Notes
Turn   | Place    | Note
-------+----------+-------------------------------------------
     0 | D:1      | DocClef the Gnoll Fighter began the quest for the Orb.
     0 | D:1      | Reached XP level 1. HP: 23/23 MP: 1/1
   141 | D:1      | Reached XP level 2. HP: 20/29 MP: 2/2
   305 | D:1      | Found a faded altar of an unknown god.
   758 | D:1      | Reached XP level 3. HP: 28/35 MP: 3/3
  1119 | D:2      | Reached skill level 1 in Invocations
  1217 | D:2      | Reached skill level 1 in Short Blades
  1217 | D:2      | Reached skill level 1 in Long Blades
  1217 | D:2      | Reached skill level 1 in Axes
  1217 | D:2      | Reached skill level 1 in Polearms
  1217 | D:2      | Reached skill level 1 in Staves
  1217 | D:2      | Reached skill level 1 in Slings
  1217 | D:2      | Reached skill level 1 in Bows
  1217 | D:2      | Reached skill level 1 in Crossbows
  1217 | D:2      | Reached skill level 1 in Throwing
  1217 | D:2      | Reached skill level 1 in Dodging
  1217 | D:2      | Reached skill level 1 in Stealth
  1217 | D:2      | Reached skill level 1 in Unarmed Combat
  1217 | D:2      | Reached skill level 1 in Spellcasting
  1217 | D:2      | Reached skill level 1 in Evocations
  1271 | D:2      | Reached XP level 4. HP: 38/41 MP: 5/5
  1384 | D:2      | Found a stormy altar of Qazlal.
  1835 | D:2      | Reached skill level 1 in Conjurations
  1835 | D:2      | Reached skill level 1 in Hexes
  1835 | D:2      | Reached skill level 1 in Summonings
  1835 | D:2      | Reached skill level 1 in Necromancy
  1835 | D:2      | Reached skill level 1 in Translocations
  1835 | D:2      | Reached skill level 1 in Transmutations
  1835 | D:2      | Reached skill level 1 in Fire Magic
  1835 | D:2      | Reached skill level 1 in Ice Magic
  1835 | D:2      | Reached skill level 1 in Air Magic
  1835 | D:2      | Reached skill level 1 in Earth Magic
  1835 | D:2      | Reached skill level 1 in Poison Magic
  1945 | D:3      | Identified the +11 dagger of World Downfall {speed,
                  | *Corrode rF++ Will+ SInv}
  2109 | D:3      | Noticed Sigmund
  2122 | D:3      | Killed Sigmund
  2123 | D:3      | Reached XP level 5. HP: 47/47 MP: 5/7
  2123 | D:3      | Reached XP level 6. HP: 53/53 MP: 5/8
  2183 | D:3      | Reached skill level 5 in Maces & Flails
  2460 | D:3      | Found a sparkling altar of Nemelex Xobeh.
  3082 | D:4      | Noticed a black bear
  3090 | D:4      | Killed a black bear
  3091 | D:4      | Reached XP level 7. HP: 59/60 MP: 10/10
  3115 | D:4      | Noticed Robin
  3129 | D:4      | Killed Robin
  3534 | D:5      | Entered Level 5 of the Dungeon
  3689 | D:5      | Found a runed translucent gate.
  3690 | D:5      | Found a runed translucent gate.
  3690 | D:5      | Noticed gdog's ghost (weakling GnDe)
  3692 | D:5      | Found a runed translucent gate.
  3795 | D:5      | Found Woib's Distillery.
  3838 | D:5      | Reached XP level 8. HP: 67/67 MP: 12/12
  3853 | D:5      | Found a glowing drain.
  3878 | Sewer    | Entered a sewer
  4630 | D:5      | Gained mutation: Your system is resistant to poisons.
                  | (rPois) [potion of mutation]
  4630 | D:5      | Gained mutation: You are covered in fur. (AC +1) [potion of
                  | mutation]
  4677 | D:5      | Found Keir's Jewellery Shoppe.
  4797 | D:5      | Found Hesim's Weapon Shop.
  4910 | D:5      | Killed gdog's ghost
  5223 | D:6      | Reached XP level 9. HP: 72/72 MP: 14/14
  5277 | D:6      | Found a staircase to the Ecumenical Temple.
  5453 | Temple   | Entered the Ecumenical Temple
  5508 | Temple   | Became a worshipper of Warmaster Okawaru
  5619 | D:6      | Found a runed translucent door.
  5619 | D:6      | Identified the +4 mace "Icywikh" {freeze, *Noise Str+3
                  | Int+4}
  5620 | D:6      | Noticed Crazy Yiuf
  5635 | D:6      | Killed Crazy Yiuf
  6000 | D:7      | Reached * piety under Okawaru
  6016 | D:7      | Reached skill level 5 in Invocations
  6121 | D:7      | Found a white marble altar of Elyvilon.
  6193 | D:7      | Found Zed Zaom's Armour Boutique.
  6783 | D:8      | Found a flagged portal.
  6796 | D:8      | Reached ** piety under Okawaru
  6797 | D:8      | Reached XP level 10. HP: 80/80 MP: 17/17
  6797 | D:8      | Noticed Gastronok
  6814 | Bailey   | Entered a bailey
  7018 | Bailey   | Reached skill level 5 in Short Blades
  7018 | Bailey   | Reached skill level 5 in Long Blades
  7018 | Bailey   | Reached skill level 5 in Axes
  7018 | Bailey   | Reached skill level 5 in Polearms
  7018 | Bailey   | Reached skill level 5 in Staves
  7018 | Bailey   | Reached skill level 5 in Slings
  7018 | Bailey   | Reached skill level 5 in Bows
  7018 | Bailey   | Reached skill level 5 in Crossbows
  7018 | Bailey   | Reached skill level 5 in Throwing
  7018 | Bailey   | Reached skill level 5 in Dodging
  7018 | Bailey   | Reached skill level 5 in Stealth
  7018 | Bailey   | Reached skill level 5 in Unarmed Combat
  7018 | Bailey   | Reached skill level 5 in Spellcasting
  7018 | Bailey   | Reached skill level 5 in Evocations
  7167 | Bailey   | Noticed an orc knight
  7204 | Bailey   | Killed an orc knight
  7209 | Bailey   | Slain by an orc warrior

Illustrated notes

Levels and vault maps discovered:
D:1:      saegor_arrival_simple_c, layout_basic,
          dreamdust_ecumenical_altar_angels_and_demons
D:2:      layout_loops_cross, basic_altar
D:3:      layout_basic, nemelex_dance_club_becter, uniq_sigmund
D:4:      layout_cave_pools, uniq_robin
D:5:      layout_loops_ring, gup_sewer_entry_glass,
          gammafunk_ghost_nasty_kobolds, serial_shops, nicolae_shop_waterfront,
          shop, shop
D:6:      layout_loops_ring, minmay_temple_entry_fiery, uniq_crazy_yiuf_cottage
D:7:      layout_basic, lemuel_tele_altar, serial_shops,
          nicolae_shop_competitors_out_of_business
D:8:      layout_rooms, makhleb_blood_cavern_becter, enter_bailey_6,
          serial_shops, shop, uniq_gastronok
Temple:   compressed_dpeg_triangle_lava_temple
Bailey:   bailey_polearm_5, bailey

Skill      XL: |  1  2  3  4  5  6  7  8  9 10 |
---------------+-------------------------------+-----
Invocations    | 1 2 3 4 5 |  5.7
Short Blades   | 1 2 3 4 5 |  5.2
Long Blades    | 1 2 3 4 5 |  5.2
Axes           | 1 2 3 4 5 |  5.2
Polearms       | 1 2 3 4 5 |  5.2
Staves         | 1 2 3 4 5 |  5.2
Slings         | 1 2 3 4 5 |  5.2
Bows           | 1 2 3 4 5 |  5.2
Crossbows      | 1 2 3 4 5 |  5.2
Throwing       | 1 2 3 4 5 |  5.2
Dodging        | 1 2 3 4 5 |  5.2
Stealth        | 1 2 3 4 5 |  5.2
Unarmed Combat | 1 2 3 4 5 |  5.2
Spellcasting   | 1 2 3 4 5 |  5.2
Evocations     | 1 2 3 4 5 |  5.2
Conjurations   | 1 2 3 4 |  4.3
Hexes          | 1 2 3 4 |  4.3
Summonings     | 1 2 3 4 |  4.3
Necromancy     | 1 2 3 4 |  4.3
Translocations | 1 2 3 4 |  4.3
Transmutations | 1 2 3 4 |  4.3
Fire Magic     | 1 2 3 4 |  4.3
Ice Magic      | 1 2 3 4 |  4.3
Air Magic      | 1 2 3 4 |  4.3
Earth Magic    | 1 2 3 4 |  4.3
Poison Magic   | 1 2 3 4 |  4.3
Maces & Flails | 5 6 7 |  7.0
Fighting       | 7 8 |  8.4
Armour         | 7 8 |  8.4
Shields        | 7 8 |  8.4

Action                   |  1- 3 |  4- 6 |  7- 9 | 10-12 || total
-------------------------+-------+-------+-------+-------++-------
Melee: Flail             |   100 |    56 |       |       ||   156
       Bite              |     9 |    13 |    43 |    20 ||    85
       Dagger            |       |    94 |   401 |   129 ||   624
Invok: Heroism           |       |       |       |     1 ||     1
Evoke: Wand              |       |       |       |     1 ||     1
  Use: Potion            |     1 |       |     6 |     3 ||    10
       Scroll            |     3 |       |    15 |       ||    18
 Stab: Invisible         |       |       |       |     1 ||     1
Armor: Scale mail        |    53 |    57 |   119 |    36 ||   265
       Ring mail         |       |       |       |     3 ||     3
Dodge: Dodged            |    55 |    57 |   103 |    59 ||   274
Block: Buckler           |    43 |    44 |    68 |    32 ||   187

Table legend: (Time is in decaauts)
 A = Elapsed time spent in this place.
 B = Non-inter-level travel time spent in this place.
 C = Inter-level travel time spent in this place.
 D = Time resting spent in this place.
 E = Time spent auto-exploring this place.
 F = Levels seen in this place.
 G = Mean time per level.
                   A        B        C        D        E       F      G
               +--------+--------+--------+--------+--------+-----+--------+
         Total |   6988 |   6734 |    254 |    361 |   4891 |  11 |  635.3 |
       Dungeon |   5912 |   5667 |    245 |    325 |   4271 |   8 |  739.0 |
        Temple |     65 |     56 |      9 |      0 |      4 |   1 |   65.0 |
         Sewer |    684 |    684 |      0 |      0 |    519 |   1 |  684.0 |
        Bailey |    325 |    325 |      0 |     36 |     97 |   1 |  325.0 |
               +--------+--------+--------+--------+--------+-----+--------+

Top non-repeatable levels by time:
     D:1: 1126 daAuts
     D:4: 929 daAuts
     D:2: 842 daAuts
     D:6: 834 daAuts
     D:7: 812 daAuts
     D:5: 695 daAuts
   Sewer: 684 daAuts
     D:3: 618 daAuts
  Bailey: 325 daAuts
  Temple: 65 daAuts
     D:8: 52 daAuts
